 Dungeon Crawl Stone Soup version 0.28-a0-1524-ge72afd5fc6 (webtiles) character file.

Game seed: 13032584000430985895

8 knot the Chopper (level 2, 23/24 HPs)
             Began as a Demonspawn Berserker on Jan 18, 2022.
             Was a Follower of Trog.
             Quit the game on level 1 of the Dungeon.
             The game lasted 00:00:14 (320 turns).

knot the Chopper (Demonspawn Berserker)              Turns: 320, Time: 00:00:14

Health: 23/24      AC:  2    Str: 17    XL:     2   Next: 0%
Magic:  2/2        EV: 12    Int:  8    God:    Trog [*.....]
Gold:   31         SH:  0    Dex: 12    Spells: 1/1 levels left

rFire   . . .      SeeInvis .   a - +0 hand axe
rCold   . . .      Faith    .   (no shield)
rNeg    . . .      Spirit   .   b - +0 animal skin
rPois   .          Reflect  .   (helmet restricted)
rElec   .          Harm     .   (no cloak)
rCorr   .          Rampage  .   (no gloves)
Will    .....                   (no boots)
Stlth   +.........              (no amulet)
HPRegen 0.08/turn               (no ring)
MPRegen 0.08/turn               (no ring)

@: no status effects
A: antennae 1
a: Renounce Religion, Berserk


You were on level 1 of the Dungeon.
You worshipped Trog.
Trog was aware of your devotion.
You visited 1 branch of the dungeon, and saw 1 of its levels.

You collected 31 gold pieces.

Inventory:

Hand Weapons
 a - a +0 hand axe (weapon)
Missiles
 c - 14 stones (quivered)
Armour
 b - a +0 animal skin (worn)


   Skills:
 - Level 3.0 Fighting
 + Level 3.2 Axes
 - Level 1.7 Armour
 - Level 1.7 Dodging


You had one spell level left.
You didn't know any spells.
Your spell library contained the following spells:

 Spells                   Type           Power      Damage    Failure   Level
 Animate Skeleton         Necr           0%         N/A       41%         1
 Pain                     Necr           0%         1d4       41%         1
 Vampiric Draining        Necr           0%         2d6       78%         3
 Fireball                 Conj/Fire      0%         3d3       100%        5
 Borgnjor's Revivificati  Necr           0%         N/A       100%        8


Dungeon Overview and Level Annotations

Branches:
Dungeon (1/15)

Altars:


Innate Abilities, Weirdness & Mutations

You have a pair of small antennae on your head.


Message History

You closely miss the rat. The rat barely misses you.
You barely miss the rat. The rat closely misses you. x2
You slash the rat!
You kill the rat!
Trog accepts your kill.
No target in view!
No target in view!
You see here a rat corpse.
You see here a rat corpse.
There is an open door here.
A goblin comes into view. It is wielding a +0 dagger.
A goblin is nearby!
A goblin is nearby!
The goblin closely misses you.
You slash the goblin!
You kill the goblin!
Trog accepts your kill.
No target in view!
No target in view!
You see here a +0 dagger.
A kobold comes into view. It is wielding a +0 club.
The kobold shouts!
You hear a shout!
A kobold comes into view. It is wielding a +0 dagger.
There are monsters nearby!
You closely miss the kobold. The kobold closely misses you.
There are monsters nearby!
You completely miss the kobold. The kobold closely misses you.
You hit the kobold.
You kill the kobold!
Trog accepts your kill. The kobold hits you with a +0 dagger.
You see here a +0 club.
You slash the kobold!
You kill the kobold!
Trog accepts your kill.
You have reached level 2!
You feel monstrous as your demonic heritage exerts itself.
Your demonic ancestry asserts itself...
A pair of antennae grows on your head!
Are you sure you want to abandon this character and quit the game? (Confirm with "yes".)

..# #.# #.#
..# #.# ..#
#)# ..# #.#
.# #.# #.#
#.#
#.#######.#
#..@).....#
###########


There were no monsters in sight!

Vanquished Creatures
  2 goblins (D:1)
  A hobgoblin (D:1)
  4 kobolds (D:1)
  2 rats (D:1)
9 creatures vanquished.

Notes
Turn   | Place    | Note
-------+----------+-------------------------------------------
     0 | D:1      | knot the Demonspawn Berserker began the quest for the Orb.
     0 | D:1      | Reached XP level 1. HP: 18/18 MP: 1/1
   118 | D:1      | Got the Catalogue of Stolen Souls and the Arsonist
   320 | D:1      | Discovered your monstrous ancestry.
   320 | D:1      | Gained mutation: You have a pair of small antennae on your
                  | head. [demonic ancestry]
   320 | D:1      | Reached XP level 2. HP: 23/24 MP: 2/2
   320 | D:1      | Quit the game

Illustrated notes

Levels and vault maps discovered:
D:1:      dpeg_arrival_windows_large_door, layout_basic

Skill      XL: |  1 |
---------------+----+-----
Axes           | 3 |  3.2
Fighting       | |  3.0
Armour         | |  1.7
Dodging        | |  1.7

Action                   || total
-------------------------++-------
Melee: Hand axe          ||    25
 Stab: Sleeping          ||     1
Dodge: Dodged            ||    19

Table legend: (Time is in decaauts)
 A = Elapsed time spent in this place.
 B = Non-inter-level travel time spent in this place.
 C = Inter-level travel time spent in this place.
 D = Time resting spent in this place.
 E = Time spent auto-exploring this place.
 F = Levels seen in this place.
 G = Mean time per level.
                   A        B        C        D        E       F      G
               +--------+--------+--------+--------+--------+-----+--------+
         Total |    323 |    323 |      0 |      0 |    262 |   1 |  323.0 |
       Dungeon |    323 |    323 |      0 |      0 |    262 |   1 |  323.0 |
               +--------+--------+--------+--------+--------+-----+--------+

Top non-repeatable levels by time:
     D:1: 323 daAuts
